 Dungeon Crawl Stone Soup version 0.29-a0-380-gf50f0a9fbc (webtiles) character file.

Game seed: 2633599829273625800

178 spaghetti the Firebug (level 5, -1/37 HPs)
             Began as a Gnoll Fire Elementalist on May 5, 2022.
             Slain by a kobold brigand
             ... wielding a +0 dagger
              (5 damage)
             ... on level 4 of the Dungeon.
             The game lasted 00:07:09 (4194 turns).

spaghetti the Firebug (Gnoll Fire Elementalist)     Turns: 4194, Time: 00:07:10

Health: -1/37      AC:  4    Str:  5 (7)  XL:     5   Next: 58%
Magic:  10/12      EV: 13    Int: 15 (17) God:
Gold:   220        SH:  0    Dex: 10 (12) Spells: 8/14 levels left

rFire   . . .      SeeInvis .   f - +1 broad axe (vorpal) {axe}
rCold   . . .      Faith    .   (no shield)
rNeg    . . .      Spirit   .   a - +0 robe
rPois   .          Reflect  .   p - +1 helmet of Sorcery {Stlth+}
rElec   .          Harm     .   (no cloak)
rCorr   .          Rampage  .   (no gloves)
Will    .....                   (no boots)
Stlth   +++.......              (no amulet)
HPRegen 0.12/turn               (no ring)
MPRegen 0.13/turn               (no ring)

@: no status effects
A: fangs 1, strong nose, distributed training
a: no special abilities


You were on level 4 of the Dungeon.
You visited 1 branch of the dungeon, and saw 4 of its levels.

You collected 220 gold pieces.


Innate Abilities, Weirdness & Mutations

You have very sharp teeth.
Your uncanny sense of smell can sniff out nearby items.
Your experience applies equally to all skills.


   Skills:
 + Level 1.5 Fighting
 + Level 1.5 Short Blades
 + Level 1.5 Long Blades
 + Level 1.5 Axes
 + Level 1.5 Maces & Flails
 + Level 1.5 Polearms
 + Level 1.5 Staves
 + Level 1.5 Slings
 + Level 1.5 Bows
 + Level 1.5 Crossbows
 + Level 1.5 Throwing
 + Level 1.5 Armour
 + Level 4.8 Dodging
 + Level 4.4 Stealth
 + Level 1.5 Shields
 + Level 1.5 Unarmed Combat
 + Level 5.2 Spellcasting
 + Level 2.4 Conjurations
 + Level 1.2 Hexes
 + Level 1.2 Summonings
 + Level 1.2 Necromancy
 + Level 1.2 Translocations
 + Level 1.2 Transmutations
 + Level 5.5 Fire Magic
 + Level 1.2 Ice Magic
 + Level 1.2 Air Magic
 + Level 1.2 Earth Magic
 + Level 1.2 Poison Magic
 + Level 1.7 Invocations
 + Level 1.5 Evocations


You had 8 spell levels left.
You knew the following spells:

 Your Spells              Type           Power      Damage    Failure   Level
a - Foxfire               Conj/Fire      60%        2x1d7     3%          1
b - Inner Flame           Hex/Fire       14%        N/A       12%         3
c - Scorch                Fire           40%        2d7       2%          2

Your spell library contained the following spells:

 Spells                   Type           Power      Damage    Failure   Level
 Conjure Flame            Conj/Fire      15%        6-21      10%         3
 Flame Wave               Conj/Fire      15%        2d6       30%         4

Inventory:

Hand Weapons
 c - a +0 mace {mace}
   (You found it on level 1 of the Dungeon)
 f - a +1 vorpal broad axe (weapon) {axe}
   (You acquired it on level 4 of the Dungeon)
Missiles
 m - 4 javelins {throwing}
 o - 109 stones {throwing}
Armour
 a - a +0 robe (worn)
 p - the +1 helmet of Sorcery (worn) {Stlth+}
   (You took it off Robin on level 3 of the Dungeon)

   Stlth:     It makes you more stealthy.
Magical Staves
 n - a staff of conjuration {!a@e2staff}
   (You found it on level 2 of the Dungeon)
Wands
 r - a wand of flame (12)
   (You took it off Robin on level 3 of the Dungeon)
 w - a wand of polymorph (7)
   (You took it off an orc on level 4 of the Dungeon)
Scrolls
 b - a scroll of blinking {!r}
 d - 7 scrolls of identify {@r1}
 e - a scroll of summoning
 h - a scroll of noise {unknown}
 i - a scroll of immolation {unknown}
 j - a scroll of poison {unknown}
 k - a scroll of fear {unknown}
 l - a scroll of torment {unknown}
 q - a scroll of vulnerability {unknown}
 s - a scroll of teleportation {unknown}
Potions
 g - a potion of experience {unknown}
 t - a potion of haste {unknown}
 u - a potion of attraction {unknown}
 v - a potion of curing {@q1}
 x - a potion of magic

Dungeon Overview and Level Annotations

Branches:
Dungeon (4/15)
 Temple: D:4-7

Altars:
Xom

Shops:
D:2 *

Annotations:
D:3 2 runed translucent doors

#$ #### #.. .###)..##
#.. #........## ..
#.........## .###
#......>...## ##
...#####......#....#..##
.<...#............$.....
.........#......@K......
.........####...#.......
#........# #..##.......
###......# ##.## ....#):
###....###..# ...## .
##....##..# ...#
##.......## ....
#........# .....
#............


You could see a kobold brigand.


Message History

o - 109 stones {throwing} (gained 21)
v - 3 amethyst potions (gained 1)
Found a stone staircase leading down.
As you read the scroll labelled EQEUNO NOCE, it crumbles to dust.
It is a scroll of identify.
e - a scroll of summoning
As you read the scroll of identify {@r1}, it crumbles to dust.
f - a scroll of acquirement
Okay, then.
Something appears at your feet!
f - a +1 broad axe of venom {axe}
As you read the scroll labelled SULIZX XYSAZO, it crumbles to dust.
It is a scroll of brand weapon.
Your +1 broad axe of venom {axe} emits a brilliant flash of light!
f - a +1 vorpal broad axe {axe}
f - a +1 vorpal broad axe (weapon)
{axe}
g - a grey potion
d - 7 scrolls of identify {@r1} (gained 1) Key pressed, stopping explore.
A kobold brigand comes into view.
It is wielding a +0 dagger and quivering poisoned darts.
A kobold brigand is nearby!
A kobold brigand is nearby!
The kobold brigand shouts!
The kobold brigand hits you with a +0 dagger. 😕 HP[-4]
You take 4 damage, and now have 33/37 hp.
You barely miss the kobold brigand.
The kobold brigand hits you with a +0 dagger!
The kobold brigand closely misses you. 😮 HP[-8]
You take 8 damage, and now have 25/37 hp.
MASSIVE DAMAGE!! (PAUSE) Unknown command.
You hit the kobold brigand. The kobold brigand barely misses you.
You barely miss the kobold brigand. Your bite misses the kobold brigand.
The kobold brigand hits you with a +0 dagger!
* * * LOW HITPOINT WARNING * * *
The kobold brigand hits you with a +0 dagger.
* * * LOW HITPOINT WARNING * * *
😨 HP[-13]
You take 13 damage, and now have 12/37 hp.
MASSIVE DAMAGE!! (PAUSE) Unknown command.
It was a potion of curing.
You feel better.
The kobold brigand closely misses you. 😮 HP[+8]
You regained 8 hp, and now have 20/37 hp.
You barely miss the kobold brigand.
The kobold brigand hits you with a +0 dagger. 😮 HP[-1]
You take 1 damage, and now have 19/37 hp.
You closely miss the kobold brigand.
The kobold brigand hits you with a +0 dagger.
* * * LOW HITPOINT WARNING * * *
The kobold brigand hits you with a +0 dagger!
* * * LOW HITPOINT WARNING * * *
😱 HP[-11]
You take 11 damage, and now have 8/37 hp.
MASSIVE DAMAGE!! (PAUSE) Unknown command.
You feel better.
The kobold brigand hits you with a +0 dagger.
* * * LOW HITPOINT WARNING * * *
😨 HP[+4]
You regained 4 hp, and now have 12/37 hp.
Casting: Foxfire (safe; 3% risk of failure)
Confirm with . or Enter, or press ? or * to list all spells.
You conjure some foxfire!
The kobold brigand closely misses you. 😨 MP[-1]
You lost 1 mp, and now have 11/12 mp.
Casting: Foxfire (safe; 3% risk of failure)
Confirm with . or Enter, or press ? or * to list all spells.
You conjure some foxfire!
The foxfire hits the kobold brigand. x2
The kobold brigand closely misses you. 😨 MP[-1]
You lost 1 mp, and now have 10/12 mp.
Casting: Foxfire (safe; 3% risk of failure)
Confirm with . or Enter, or press ? or * to list all spells.
You conjure some foxfire!
The kobold brigand closely misses you. 😨 MP[-1]
You lost 1 mp, and now have 9/12 mp.
You hit the kobold brigand. Your punch misses the kobold brigand.
The foxfire hits the kobold brigand but does no damage.
The foxfire hits the kobold brigand. x3
The kobold brigand hits you with a +0 dagger.
* * * LOW HITPOINT WARNING * * *
😨 HP[-1]
You take 1 damage, and now have 11/37 hp.
You closely miss the kobold brigand.
The kobold brigand hits you but does no damage. x2
You hit the kobold brigand but do no damage.
The kobold brigand hits you with a +0 dagger.
* * * LOW HITPOINT WARNING * * *
😨 HP[-1] MP[+1]
You take 1 damage, and now have 10/37 hp.
You barely miss the kobold brigand.
The kobold brigand hits you with a +0 dagger.
* * * LOW HITPOINT WARNING * * *
The kobold brigand hits you with a +0 dagger.
You die...

Skill      XL: |  1  2  3  4 |
---------------+-------------+-----
Conjurations   | 2 |  2.4
Spellcasting   | 5 |  5.2
Invocations    | 1 |  1.7
Fighting       | 1 |  1.5
Short Blades   | 1 |  1.5
Long Blades    | 1 |  1.5
Axes           | 1 |  1.5
Maces & Flails | 1 |  1.5
Polearms       | 1 |  1.5
Staves         | 1 |  1.5
Slings         | 1 |  1.5
Bows           | 1 |  1.5
Crossbows      | 1 |  1.5
Throwing       | 1 |  1.5
Armour         | 1 |  1.5
Shields        | 1 |  1.5
Unarmed Combat | 1 |  1.5
Evocations     | 1 |  1.5
Hexes          | 1 |  1.2
Summonings     | 1 |  1.2
Necromancy     | 1 |  1.2
Translocations | 1 |  1.2
Transmutations | 1 |  1.2
Ice Magic      | 1 |  1.2
Air Magic      | 1 |  1.2
Earth Magic    | 1 |  1.2
Poison Magic   | 1 |  1.2
Dodging        | |  4.8
Stealth        | |  4.4
Fire Magic     | |  5.5

Action                   |  1- 3 |  4- 6 || total
-------------------------+-------+-------++-------
Melee: Mace              |    16 |       ||    16
       Staff             |       |    25 ||    25
       Bite              |       |     3 ||     3
       Broad axe         |       |     9 ||     9
 Cast: Foxfire           |    54 |    49 ||   103
       Scorch            |     1 |    16 ||    17
  Use: Potion            |     3 |     4 ||     7
       Scroll            |       |     7 ||     7
 Stab: Sleeping          |     1 |       ||     1
Armor: Robe              |     2 |    10 ||    12
Dodge: Dodged            |    23 |    35 ||    58

Levels and vault maps discovered:
D:1:      minmay_arrival_up_and_down, layout_basic, ebering_ecumenical_altar_box
D:2:      layout_loops_ring, serial_shops, nicolae_shop_crystal, uniq_jessica
D:3:      due_chaos_kobolds, layout_rooms, uniq_robin
D:4:      layout_layer_cave, chequers_hall_statues_wall_a,
          kennysheep_another_room, uniq_edmund

Notes
Turn   | Place    | Note
-------+----------+-------------------------------------------
     0 | D:1      | spaghetti the Gnoll Fire Elementalist began the quest for
                  | the Orb.
     0 | D:1      | Reached XP level 1. HP: 13/13 MP: 6/6
     0 | D:1      | magus.rc [v1.9.6]
   157 | D:1      | Reached skill level 2 in Conjurations
   161 | D:1      | HP: 3/13 [constriction (1)]
   163 | D:1      | HP: 1/13 [constriction (1)]
   165 | D:1      | Reached XP level 2. HP: 2/19 MP: 4/7
   685 | D:1      | Found a faded altar of an unknown god.
   880 | D:1      | Reached XP level 3. HP: 8/25 MP: 1/9
   880 | D:1      | HP: 5/25 [dart slug (3)]
   882 | D:1      | Reached skill level 5 in Spellcasting
  1134 | D:1      | Learned a level 3 spell: Inner Flame
  1137 | D:1      | Learned a level 2 spell: Scorch
  1786 | D:2      | Reached skill level 1 in Invocations
  2067 | D:2      | Reached skill level 1 in Fighting
  2067 | D:2      | Reached skill level 1 in Short Blades
  2067 | D:2      | Reached skill level 1 in Long Blades
  2067 | D:2      | Reached skill level 1 in Axes
  2067 | D:2      | Reached skill level 1 in Maces & Flails
  2067 | D:2      | Reached skill level 1 in Polearms
  2067 | D:2      | Reached skill level 1 in Staves
  2067 | D:2      | Reached skill level 1 in Slings
  2067 | D:2      | Reached skill level 1 in Bows
  2067 | D:2      | Reached skill level 1 in Crossbows
  2067 | D:2      | Reached skill level 1 in Throwing
  2067 | D:2      | Reached skill level 1 in Armour
  2067 | D:2      | Reached skill level 1 in Shields
  2067 | D:2      | Reached skill level 1 in Unarmed Combat
  2067 | D:2      | Reached skill level 1 in Evocations
  2107 | D:2      | Noticed Jessica
  2111 | D:2      | Killed Jessica
  2112 | D:2      | Reached XP level 4. HP: 32/32 MP: 8/11
  2256 | D:2      | Found Koug's Assorted Antiques.
  2602 | D:3      | Reached skill level 1 in Hexes
  2602 | D:3      | Reached skill level 1 in Summonings
  2602 | D:3      | Reached skill level 1 in Necromancy
  2602 | D:3      | Reached skill level 1 in Translocations
  2602 | D:3      | Reached skill level 1 in Transmutations
  2602 | D:3      | Reached skill level 1 in Ice Magic
  2602 | D:3      | Reached skill level 1 in Air Magic
  2602 | D:3      | Reached skill level 1 in Earth Magic
  2602 | D:3      | Reached skill level 1 in Poison Magic
  2753 | D:3      | Identified the +1 helmet of Sorcery {Stlth+}
  2753 | D:3      | Noticed Robin
  3001 | D:3      | HP: 6/32 [Robin/+0 spear (3)]
  3002 | D:3      | HP: 1/32 [hobgoblin[Robin] (5)]
  3322 | D:3      | Killed Robin
  3323 | D:3      | Reached XP level 5. HP: 32/37 MP: 5/12
  3425 | D:3      | Found a large runed translucent door.
  3425 | D:3      | Found a large runed translucent door.
  3426 | D:3      | Found a shimmering altar of Xom.
  4159 | D:4      | Identified a scroll of acquirement
  4160 | D:4      | Acquired a +1 broad axe of venom
  4177 | D:4      | Noticed a kobold brigand
  4186 | D:4      | HP: 8/37 [kobold brigand/+0 dagger (7)]
  4194 | D:4      | HP: 4/37 [kobold brigand/+0 dagger (6)]
  4194 | D:4      | Slain by a kobold brigand

Vanquished Creatures
  Jessica (D:2)
  An orc wizard (D:4)
  Robin (D:3)
  2 adders
  7 dart slugs
  6 orcs
  4 bats
  3 endoplasms
  A giant cockroach (D:1)
  14 goblins
  6 hobgoblins
  2 jackals (D:2)
  5 kobolds
  8 quokkas
  6 ball pythons
  5 frilled lizards
  4 rats
76 creatures vanquished.

Vanquished Creatures (others)
  177 foxfires
177 creatures vanquished.

Grand Total: 253 creatures vanquished

Table legend:
 A = Non-vault XP
 B = Vault XP
 C = Vault XP percentage of total XP
 D = Non-vault monster count
 E = Vault monster count
 F = Vault count percentage of total count
                 A         B        C        D         E       F
            +---------+---------+-------+---------+---------+-------
      Total |     184 |      71 |  27.8 |      64 |      12 |  15.8
            +---------+---------+-------+---------+---------+-------
        D:1 |      46 |       0 |   0.0 |      25 |       0 |   0.0
        D:2 |      40 |      39 |  49.4 |      16 |       2 |  11.1
        D:3 |      30 |      32 |  51.6 |      12 |      10 |  45.5
        D:4 |      68 |       0 |   0.0 |      11 |       0 |   0.0
            +---------+---------+-------+---------+---------+-------

Illustrated notes

Table legend:
 A = Kills in this place as a percentage of kills in entire the game.
 B = Kills by you in this place as a percentage of kills by you in the entire game.
 C = Kills by friends in this place as a percentage of kills by friends in the entire game.
 D = Other kills in this place as a percentage of other kills in the entire game.
 E = Experience gained in this place as a percentage of experience gained in the entire game.
 F = Experience gained in this place divided by the number of levels of this place that you have seen.
                   A       B       C       D       E      F
               +-------+-------+-------+-------+-------+----------------------
         Total | 100.0 | 100.0 |   N/A |   N/A | 100.0 |  63.8
       Dungeon | 100.0 | 100.0 |   N/A |   N/A | 100.0 |  63.8
               +-------+-------+-------+-------+-------+----------------------

Table legend: (Time is in decaauts)
 A = Elapsed time spent in this place.
 B = Non-inter-level travel time spent in this place.
 C = Inter-level travel time spent in this place.
 D = Time resting spent in this place.
 E = Time spent auto-exploring this place.
 F = Levels seen in this place.
 G = Mean time per level.
                   A        B        C        D        E       F      G
               +--------+--------+--------+--------+--------+-----+--------+
         Total |   4216 |   4114 |    102 |   1027 |   2635 |   4 | 1054.0 |
       Dungeon |   4216 |   4114 |    102 |   1027 |   2635 |   4 | 1054.0 |
               +--------+--------+--------+--------+--------+-----+--------+

Top non-repeatable levels by time:
     D:1: 1695 daAuts
     D:2: 1377 daAuts
     D:3: 774 daAuts
     D:4: 368 daAuts
